 Dungeon Crawl Stone Soup version 0.21.1-1-g345015f (webtiles) character file.

252 CelticWarrior the Shield-Bearer (level 6, -6/38 HPs)
             Began as a Gargoyle Fighter on May 21, 2018.
             Mangled by Crazy Yiuf
             ... wielding a +4 quarterstaff of chaos
              (16 damage)
             ... on level 2 of the Dungeon.
             The game lasted 00:03:15 (1237 turns).

CelticWarrior the Shield-Bearer (Gargoyle Fighter)  Turns: 1237, Time: 00:03:15

Health: -6/38      AC: 12    Str: 21    XL:     6   Next: 13%
Magic:  6/6        EV: 11    Int:  8    God:
Gold:   125        SH:  9    Dex: 10    Spells: 5/5 levels left

rFire    . . .     SeeInvis .   a - +1 long sword
rCold    . . .     Gourm    .   c - +0 shield
rNeg     + . .     Faith    .   b - +0 scale mail
rPois    ∞         Spirit   .   (no helmet)
rElec    +         Reflect  .   (no cloak)
rCorr    .         Harm     .   (no gloves)
MR       .....                  d - +0 pair of boots
Stlth    ..........             (no amulet)
HPRegen  0.12/turn              m - +4 ring of evasion
MPRegen  0.10/turn              (no ring)

@: hasted and slowed
A: negative energy resistance 1, electricity resistance, unbreathing,
petrification resistance, rot immunity, AC +4
a: no special abilities


You were on level 2 of the Dungeon.
You were not hungry.

You visited 1 branch of the dungeon, and saw 2 of its levels.

You collected 125 gold pieces.

Inventory:

Hand Weapons
 a - a +1 long sword (weapon)
Armour
 b - a +0 scale mail (worn)
 c - a +0 shield (worn)
 d - a +0 pair of boots (worn)
Jewellery
 m - a +4 ring of evasion (left hand)
Scrolls
 e - 3 scrolls of fog
 j - 2 scrolls of magic mapping
 k - 3 scrolls of remove curse
Potions
 g - 3 potions of curing {unknown}
 o - a potion of flight {unknown}
Comestibles
 f - 3 rations


   Skills:
 + Level 3.8 Fighting
 * Level 3.9 Long Blades
 * Level 4.4 Armour
 + Level 0.6 Dodging
 + Level 4.4 Shields


You had 5 spell levels left.
You didn't know any spells.

Dungeon Overview and Level Annotations

Branches:
Dungeon (2/15)

Altars:
Trog
Zin

Annotations:
D:2 Crazy Yiuf


Innate Abilities, Weirdness & Mutations

You are resistant to torment.
Your stone body is resilient. (AC +4)
You are immune to poison.
You resist negative energy. (rN+)
You are resistant to electric shocks. (rElec)
You can survive without breathing.
You are immune to petrification.
You are immune to rotting.


Message History

You are too injured to fight recklessly!
You are too injured to fight recklessly!
You are too injured to fight recklessly!
You are too injured to fight recklessly!
You are too injured to fight recklessly!
You are too injured to fight recklessly!
You are too injured to fight recklessly!
You are too injured to fight recklessly!
You are too injured to fight recklessly!
You are too injured to fight recklessly!
You are too injured to fight recklessly!
You are too injured to fight recklessly!
You are too injured to fight recklessly!
You slash Crazy Yiuf!
Crazy Yiuf is severely wounded.
You block Crazy Yiuf's attack. Crazy Yiuf barely misses you.
You barely miss Crazy Yiuf.
Crazy Yiuf is severely wounded.
Crazy Yiuf hits you with a quarterstaff of chaos!
You die...

##.........#.#..)....(.
#...............##.....
############.#.###.....
#........... #####
#..####..... #)..#
#........... #...#
#..####..... #.g.#
#...###..... #@#
#.#...###### ♣.♣♣
#...#..### ♣♣.♣
#<...#...### ♣.♣♣
#........... ♣♣.♣
#...##..##.# ♣♣.♣♣
#...###.##.# ♣♣.P.♣
#.####...... ♣P.PP♣ #.#
#...... ##..## #.#
#......


You could see Crazy Yiuf (berserk).

Vanquished Creatures
  Sigmund (D:2)
  Jessica (D:2)
  2 adders (D:2)
  2 worms (D:2)
  A leopard gecko (D:1)
  An orc (D:2)
  A ball python (D:2)
  4 giant cockroaches
  3 goblins
  6 hobgoblins
  2 jackals (D:1)
  4 kobolds
  A quokka (D:2)
  7 bats
  5 frilled lizards
  5 rats
46 creatures vanquished.

Notes
Turn   | Place    | Note
-------+----------+-------------------------------------------
     0 | D:1      | CelticWarrior the Gargoyle Fighter began the quest for the Orb.
     0 | D:1      | Reached XP level 1. HP: 14/14 MP: 1/1
   129 | D:1      | Reached XP level 2. HP: 19/19 MP: 2/2
   306 | D:1      | Reached XP level 3. HP: 16/23 MP: 3/3
   631 | D:2      | Noticed Jessica
   636 | D:2      | Killed Jessica
   678 | D:2      | Reached XP level 4. HP: 28/28 MP: 4/4
   690 | D:2      | Noticed Sigmund
   698 | D:2      | Killed Sigmund
   698 | D:2      | Reached XP level 5. HP: 29/33 MP: 5/5
   698 | D:2      | Reached XP level 6. HP: 34/38 MP: 6/6
   973 | D:2      | Found a runed door.
  1022 | D:2      | Found a bloodstained altar of Trog.
  1024 | D:2      | Found a glowing silver altar of Zin.
  1229 | D:2      | Noticed Crazy Yiuf
  1237 | D:2      | Mangled by Crazy Yiuf

Skill      XL: |  1  2  3  4 |
---------------+-------------+-----
Long Blades    | 2 3 |  3.9
Shields        | 4 |  4.4
Armour         | 4 |  4.4
Fighting       | |  3.8
Dodging        | |  0.6

Action                   |  1- 3 |  4- 6 || total
-------------------------+-------+-------++-------
Melee: Long sword        |    87 |    64 ||   151
  Use: Potion            |       |     1 ||     1
       Scroll            |       |     7 ||     7
  Eat: Ration            |       |     1 ||     1
Armor: Scale mail        |    60 |    46 ||   106
Dodge: Dodged            |    32 |    22 ||    54
Block: Shield            |    65 |    33 ||    98
       Rpst.: Long sword |     8 |     4 ||    12
